 Dungeon Crawl Stone Soup version 0.19.5 (webtiles) character file.

102 karate69 the Chopper (level 4, -3/58 HPs)
             Began as a Minotaur Berserker on Mar 21, 2017.
             Was a Believer of Trog.
             Slain by a gnoll
             ... wielding a +0 club
              (5 damage)
             ... on level 2 of the Dungeon.
             The game lasted 00:03:42 (1471 turns).

karate69 the Chopper (Minotaur Berserker)           Turns: 1471, Time: 00:03:42

Health: -3/58      AC:  5    Str: 27    XL:     4   Next: 49%
Magic:  3/3        EV: 11    Int:  4    God:    Trog [**....]
Gold:   60         SH:  0    Dex: 10    Spells: 0 memorised, 3 levels left

rFire  . . .     SeeInvis .     a - +0 hand axe
rCold  . . .     Gourm    .     f - +0 ring mail
rNeg   . . .     Faith    .     (no shield)
rPois  .         Spirit   .     (helmet restricted)
rElec  .         Reflect  .     (no cloak)
rCorr  .         Harm     .     (no gloves)
MR     .....                    (no boots)
Stlth  ..........               (no amulet)
                                n - ring of stealth
                                (no ring)

@: berserking, lethally poisoned (-3 -> -4), very quick
A: retaliatory headbutt, horns 2
a: Berserk, Trog's Hand, Burn Spellbooks, Renounce Religion


You were on level 2 of the Dungeon.
You worshipped Trog.
Trog was pleased with you.
You were hungry.

You visited 1 branch of the dungeon, and saw 2 of its levels.

You collected 60 gold pieces.

Inventory:

Hand Weapons
 a - a +0 hand axe (weapon)
Armour
 b - a +0 animal skin
 f - a +0 ring mail (worn)
Jewellery
 n - a ring of stealth (right hand)
Scrolls
 d - 2 scrolls of teleportation {unknown}
 g - a scroll of blinking {unknown}
 i - a scroll of recharging {unknown}
 k - a scroll of remove curse
 l - a scroll of noise {unknown}
 m - 2 scrolls of enchant weapon {unknown}
Potions
 e - a potion of flight {unknown}
 j - a potion of curing {unknown}
Comestibles
 c - 2 bread rations
 h - a chunk of flesh


   Skills:
 - Level 3.6 Fighting
 + Level 6.4 Axes
 - Level 2.4 Armour
 - Level 2.1 Dodging


You had 3 spell levels left.
You didn't know any spells.

Dungeon Overview and Level Annotations

Branches:
Dungeon (2/15)

Altars:


Innate Abilities, Weirdness & Mutations

You reflexively headbutt those who attack you in melee.
You have a pair of horns on your head.


Message History

The gnoll barely misses you.
You closely miss the gnoll.
The gnoll is severely wounded.
You slash the gnoll!
You kill the gnoll!
Trog accepts your kill.
* * * LOW HITPOINT WARNING * * *
You feel sick. The gnoll completely misses you.
You are too berserk!
Things that are here:
a flail of crushing; a gnoll corpse You slash the gnoll!
The gnoll is severely wounded.
The gnoll misses you. You furiously retaliate!
You headbutt the gnoll!
You kill the gnoll!
Trog accepts your kill.
You hit the gnoll. You headbutt the gnoll.
The gnoll is almost dead.
The gnoll hits you with a club.
You die...

### #..
##.## .g.
#g# #@# #.
#.# #. ###
####.#
#.##..
..#.#
###....#
#.#.#######
......#
#.#........
#....#
#....######
#...#
####.#
#...# #.#


You could see 2 gnolls.

Vanquished Creatures
  2 gnolls (D:2)
  3 adders (D:2)
  An ooze (D:1)
  2 dart slugs (D:1)
  2 leopard geckos (D:1)
  3 bats (D:2)
  2 giant cockroaches (D:2)
  5 goblins
  10 hobgoblins
  4 jackals (D:1)
  5 kobolds
  A frilled lizard (D:2)
  4 rats
44 creatures vanquished.

Notes
Turn   | Place    | Note
-------+----------+-------------------------------------------
     0 | D:1      | karate69 the Minotaur Berserker began the quest for the Orb.
     0 | D:1      | Reached XP level 1. HP: 19/19 MP: 0/0
    82 | D:1      | Reached skill level 4 in Axes
    93 | D:1      | Reached XP level 2. HP: 14/26 MP: 1/1
   523 | D:1      | Reached skill level 5 in Axes
   570 | D:1      | Reached XP level 3. HP: 31/31 MP: 2/2
   653 | D:1      | Reached ** piety under Trog
  1416 | D:2      | Reached XP level 4. HP: 35/39 MP: 3/3
  1425 | D:2      | Reached skill level 6 in Axes
  1466 | D:2      | HP: 2/58 [gnoll/flail of crushing (1)]
  1471 | D:2      | Slain by a gnoll

Skill      XL: |  1  2  3  4 |
---------------+-------------+-----
Axes           | 4 5 6 |  6.4
Fighting       | |  3.6
Armour         | |  2.4
Dodging        | |  2.1

Action                   |  1- 3 |  4- 6 || total
-------------------------+-------+-------++-------
Melee: Hand axe          |    78 |    13 ||    91
       Headbutt          |     5 |     4 ||     9
Invok: Berserk           |       |     1 ||     1
  Use: Scroll            |     1 |       ||     1
  Eat: Chunk             |     1 |     1 ||     2
Armor: Animal skin       |     3 |       ||     3
       Ring mail         |    24 |     2 ||    26
Dodge: Dodged            |    48 |     9 ||    57
